 Dungeon Crawl Stone Soup version 0.30-a0-374-g95c0257040 (webtiles) character file.

Game seed: 1218201871680215031

30 KennySheep the Vexing (level 2, 0/23 HPs)
             Began as a Demigod Hexslinger on Nov 26, 2022.
             Slain by an adder (3 damage)
             ... on level 2 of the Dungeon on Nov 27, 2022.
             The game lasted 00:02:21 (764 turns).

KennySheep the Vexing (Demigod Hexslinger)           Turns: 764, Time: 00:02:22

Health: 0/23       AC:  2    Str: 11    XL:     2   Next: 84%
Magic:  5/5        EV: 12    Int: 15    God:
Gold:   53         SH:  0    Dex: 14    Spells: 2/3 levels left

rFire   . . .      SeeInvis .    a - +1 sling
rCold   . . .      Faith    .    (no shield)
rNeg    . . .      Spirit   .    c - +0 robe
rPois   .          Reflect  .    (no helmet)
rElec   .          Harm     .    (no cloak)
rCorr   .          Rampage  .    (no gloves)
Will    .....                    (no boots)
Stlth   ++........               (no amulet)
HPRegen 0.23/turn                (no ring)
MPRegen 0.09/turn                (no ring)

@: mighty, brilliant, hasted, very quick
A: high MP 1, forlorn, divine attributes
a: no special abilities


You were on level 2 of the Dungeon.
You visited 1 branch of the dungeon, and saw 2 of its levels.

You collected 53 gold pieces.

Inventory:

Hand Weapons
 a - a +1 sling (weapon)
Armour
 c - a +0 robe (worn)
Scrolls
 b - a scroll of poison
 d - a scroll of identify {unknown}
 e - a scroll of magic mapping {unknown}
 h - a scroll of torment {unknown}


   Skills:
 + Level 1.3 Fighting
 * Level 2.4 Ranged Weapons
 + Level 2.1 Dodging
 + Level 1.0 Stealth
 - Level 1.0 Spellcasting
 - Level 2.6 Hexes


You had 2 spell levels left.
You knew the following spells:

 Your Spells              Type           Power      Damage    Failure   Level
a - Slow                  Hex            52%        N/A       9%          1

Your spell library contained the following spells:

 Spells                   Type           Power      Damage    Failure   Level
 Inner Flame              Hex/Fire       7%         N/A       38%         3
 Portal Projectile        Hex/Tloc       14%        N/A       38%         3
 Cause Fear               Hex            6%         N/A       63%         4


Dungeon Overview and Level Annotations

Branches:
Dungeon (2/15)

Shops:
D:1 :


Innate Abilities, Weirdness & Mutations

You have an increased reservoir of magic. (+10% MP)
You shall have no god before yourself.
Your divine heritage dramatically boosts your attributes as you level up.


Message History

The adder barely misses you.
You shoot a sling bullet.
The sling bullet closely misses the adder.
The sling bullet hits the worm.
The worm is moderately wounded.
The adder closely misses you. The adder bites you.
* * * LOW HITPOINT WARNING * * *
You shoot a sling bullet. The sling bullet misses the adder.
The sling bullet hits the worm!
The worm is severely wounded.
The adder bites you but does no damage.
You shoot a sling bullet.
The sling bullet barely misses the adder.
The sling bullet barely misses the worm.
The adder closely misses you.
You shoot a sling bullet. The sling bullet misses the adder.
The sling bullet hits the worm.
The worm is almost dead.
The adder closely misses you.
You shoot a sling bullet. The sling bullet misses the adder.
The sling bullet hits the worm but does no damage.
The worm is almost dead.
The adder bites you.
* * * LOW HITPOINT WARNING * * *
You shoot a sling bullet. The sling bullet hits the adder.
The adder is heavily wounded.
The adder closely misses you.
You shoot a sling bullet. The sling bullet misses the adder.
The sling bullet hits the worm.
The worm is almost dead.
The adder barely misses you.
You shoot a sling bullet.
The sling bullet closely misses the adder.
The sling bullet hits the worm!
You kill the worm!
The adder closely misses you.
You shoot a sling bullet. The sling bullet hits the adder.
The adder is almost dead.
The adder bites you.
You die...

### #.. #.###
#############.#..
#@#.#...#.#.#.#.#
##S#..#..#.##.#.#
#.#†.###..#.#.#.#
##..##
##..##.#.## #..##
##..#....# #.S
##...##.# #..
#..#...>. ##.
#..##.##.. .#
#..# #.#...


You could see an adder.

Vanquished Creatures
  A worm (D:2)
  2 bats (D:1)
  3 endoplasms (D:2)
  A giant cockroach (D:1)
  4 hobgoblins (D:1)
  5 quokkas
  2 ball pythons
  2 goblins (D:1)
  A kobold (D:2)
  2 rats (D:1)
23 creatures vanquished.

Notes
Turn   | Place    | Note
-------+----------+-------------------------------------------
     0 | D:1      | KennySheep the Demigod Hexslinger began the quest for the
                  | Orb.
     0 | D:1      | Reached XP level 1. HP: 15/15 MP: 4/4
   104 | D:1      | Reached skill level 1 in Fighting
   267 | D:1      | Reached XP level 2. HP: 23/23 MP: 5/5
   565 | D:1      | Found Moyx Xakk's Book Boutique.
   754 | D:2      | Reached skill level 1 in Stealth
   764 | D:2      | Slain by an adder

Illustrated notes

Levels and vault maps discovered:
D:1:      roderic_crop_circles_arrival_small, layout_basic, serial_shops,
          nicolae_shop_waterfront
D:2:      minmay_diamond_boxcup, layout_basic, basic_altar, uniq_natasha

Skill      XL: |  1  2 |
---------------+-------+-----
Fighting       | 1 |  1.3
Ranged Weapons | 2 |  2.4
Dodging        | 2 |  2.1
Stealth        | 1 |  1.0
Spellcasting   | |  1.0
Hexes          | |  2.6

Action                   || total
-------------------------++-------
 Fire: Sling             ||    82
  Use: Potion            ||     3
Armor: Robe              ||    18
Dodge: Dodged            ||    38

Table legend: (Time is in decaauts)
 A = Elapsed time spent in this place.
 B = Non-inter-level travel time spent in this place.
 C = Inter-level travel time spent in this place.
 D = Time resting spent in this place.
 E = Time spent auto-exploring this place.
 F = Levels seen in this place.
 G = Mean time per level.
                   A        B        C        D        E       F      G
               +--------+--------+--------+--------+--------+-----+--------+
         Total |    782 |    776 |      6 |      0 |    623 |   2 |  391.0 |
       Dungeon |    782 |    776 |      6 |      0 |    623 |   2 |  391.0 |
               +--------+--------+--------+--------+--------+-----+--------+

Top non-repeatable levels by time:
     D:1: 665 daAuts
     D:2: 117 daAuts
